 Dungeon Crawl Stone Soup version 0.26-b1-32-g5d43845318 (webtiles) character file.

Game seed: 16803563260849252322

25 Hugehornet the Insei (level 3, 0/23 HPs)
             Began as an Octopode Transmuter on Jan 12, 2021.
             Slain by an ooze (5 damage)
             ... on level 1 of the Dungeon.
             The game lasted 00:02:34 (1155 turns).

Hugehornet the Insei (Octopode Transmuter)          Turns: 1155, Time: 00:02:35

Health: 0/23       AC:  1    Str:  9    XL:     3   Next: 4%
Magic:  4/6        EV: 13    Int: 16    God:
Gold:   22         SH:  0    Dex: 12    Spells: 3/6 levels left

rFire    . . .     SeeInvis .     - Unarmed
rCold    . . .     Faith    .   (no shield)
rNeg     . . .     Spirit   .   (helmet currently unavailable)
rPois    .         Reflect  .   (no amulet)
rElec    .         Harm     .   (no ring)
rCorr    .         Rampage  .   (no ring)
Will     .....                  (no ring)
Stlth    ++........             (no ring)
HPRegen  0.07/turn              (no ring)
MPRegen  0.10/turn              (no ring)
                                (no ring)
                                (no ring)

@: appendages, wereblooded
A: almost no armour, stealthy swim, amphibious, 8 rings, constrict 8, tentacle
spike 3, camouflage 1, gelatinous body 1
a: End Transformation


You were on level 1 of the Dungeon.
One of your tentacles had a temporary spike.
You visited 1 branch of the dungeon, and saw 1 of its levels.

You collected 22 gold pieces.

Inventory:

Jewellery
 b - a cursed ring of attention {unknown}
Scrolls
 c - a scroll of identify {unknown}
 d - a scroll of noise {unknown}
Potions
 a - a potion of attraction {unknown}


   Skills:
 - Level 1.0 Fighting
 - Level 2.0 Dodging
 - Level 3.0 Unarmed Combat
 + Level 2.4 Spellcasting
 * Level 3.0 Transmutations


You had 3 spell levels left.
You knew the following spells:

 Your Spells              Type           Power        Failure   Level
a - Beastly Appendage     Tmut           22%          6%          1
b - Wereblood             Tmut           11%          9%          2

Your spell library contained the following spells:

 Spells                   Type           Power        Failure   Level
 Spider Form              Tmut/Pois      3%           32%         3
 Ice Form                 Ice/Tmut       6%           71%         4
 Blade Hands              Tmut           5%           85%         5


Dungeon Overview and Level Annotations

Branches:
Dungeon (1/15)

Altars:


Innate Abilities, Weirdness & Mutations

You cannot wear most types of armour.
You are very stealthy in the water. (Stealth+)
You are amphibious.
You can wear up to eight rings at the same time.
You can use your tentacles to constrict eight enemies at once.
Your skin changes colour to match your surroundings (Stealth+).
Your rubbery body absorbs attacks. (AC +1, EV +1)
One of your tentacles bears a large vicious spike.


Message History

Confirm with . or Enter, or press ? or * to list all spells.
Your blood is infused with primal strength.
The ooze hits you.
You barely miss the ooze. The ooze hits you.
* * * LOW HITPOINT WARNING * * *
You tentacle-slap the ooze.
The ooze is heavily wounded.
The ooze hits you.
* * * LOW HITPOINT WARNING * * *
You tentacle-slap the ooze but do no damage.
You pierce the ooze, but do no damage.
The ooze is heavily wounded.
You tentacle-slap the ooze.
You pierce the ooze, but do no damage.
The ooze is heavily wounded.
The ooze closely misses you.
You tentacle-slap the ooze.
The ooze is almost dead.
A hobgoblin comes into view.
The ooze hits you.
You die...

####### ### .P.#P#. ..#
≈≈.≈≈P.##.#############
≈≈≈≈≈≈P.#.#...........##
≈≈≈≈≈≈..#.#............#
≈≈≈≈.≈..#.####.....##..#
.≈P≈≈PJ@............#...
g≈≈.P...#.####......#...
....g...#.####......#(..
......................>.
....#.[....PPP≈.###(#..#
#####.#....P≈PPP≈...#..#
[.....#P≈PPP.≈P.....
.......#≈.≈≈♣≈P≈PP...
...##P≈P≈≈≈♣P≈≈≈.


You could see an ooze, a hobgoblin and a goblin.

Vanquished Creatures
  3 leopard geckos (D:1)
  A giant cockroach (D:1)
  A goblin (D:1)
  A hobgoblin (D:1)
  5 jackals (D:1)
  2 bats (D:1)
  A frilled lizard (D:1)
  5 kobolds (D:1)
19 creatures vanquished.

Vanquished Creatures (others)
  5 plants (D:1)
5 creatures vanquished.

Grand Total: 24 creatures vanquished

Notes
Turn   | Place    | Note
-------+----------+-------------------------------------------
     0 | D:1      | Hugehornet the Octopode Transmuter began the quest for the
                  | Orb.
     0 | D:1      | Reached XP level 1. HP: 13/13 MP: 3/3
   304 | D:1      | Reached XP level 2. HP: 18/18 MP: 3/5
   870 | D:1      | Learned a level 2 spell: Wereblood
  1082 | D:1      | Reached XP level 3. HP: 20/23 MP: 4/6
  1155 | D:1      | Slain by an ooze

Illustrated notes

Levels and vault maps discovered:
D:1:      minmay_arrival_four_loops, layout_basic, serial_bayou,
          serial_bayou_ford_a, serial_bayou_lagoon_a, serial_bayou_lagoon_b,
          serial_bayou_pond_b

Skill      XL: |  1  2 |
---------------+-------+-----
Transmutations | 3 |  3.0
Fighting       | |  1.0
Dodging        | |  2.0
Unarmed Combat | |  3.0
Spellcasting   | |  2.4

Action                   || total
-------------------------++-------
Melee: Unarmed           ||    59
       Constrict         ||    16
       Kick              ||    12
       Tentacles         ||     5
 Cast: Beastly Appendage ||    11
       Wereblood         ||     2
 Stab: Sleeping          ||     2
Armor: Skin              ||     6
Dodge: Dodged            ||    40
